 Dungeon Crawl Stone Soup version 0.31.0-12-g77e489cdc1 (webtiles) character file.

Game seed: 324715101614634162

9 kcordell the Sneak (level 2, -1/13 HPs)
             Began as a Spriggan Enchanter on Mar 6, 2024.
             Slain by a quokka (5 damage)
             ... on level 1 of the Dungeon.
             The game lasted 00:03:21 (203 turns).

kcordell the Sneak (Spriggan Enchanter)              Turns: 203, Time: 00:03:21

Health: -1/13      AC:  2    Str:  4    XL:     2   Next: 6%
Magic:  6/6        EV: 17    Int: 16    God:
Gold:   0          SH:  0    Dex: 15    Spells: 6/6 levels left

rFire   . . .        a - +1 dagger
rCold   . . .        (no shield)
rNeg    . . .        b - +0 robe
rPois   .            (helmet restricted)
rElec   .            (no cloak)
rCorr   .            (gloves unavailable)
SInv    +            (boots unavailable)
Will    .....        (no amulet)
Stlth   +++          (no ring)
HPRegen 0.22/turn    (no ring)
MPRegen 0.10/turn

%: no passive effects
@: very quick
A: very small, no large weapons, unfitting armour, see invisible, speed 3
a: no special abilities


You were on level 1 of the Dungeon.
You visited 1 branch of the dungeon, and saw 1 of its levels.

Inventory:

Hand Weapons
 a - a +1 dagger (weapon)
Missiles
 d - 5 boomerangs (quivered)
Armour
 b - a +0 robe (worn)
Scrolls
 e - a scroll of identify {unknown}
Potions
 c - 2 potions of invisibility


   Skills:
 + Level 1.1 Short Blades
 + Level 2.7 Dodging
 + Level 4.9 Stealth
 + Level 2.7 Spellcasting
 + Level 4.0 Hexes


You had 6 spell levels left.
You didn't know any spells.
Your spell library contained the following spells:

 Spells                   Type           Power      Damage    Failure   Level
 Confusing Touch          Hex            15%        N/A       11%         3
 Tukima's Dance           Hex            15%        N/A       11%         3
 Ensorcelled Hibernation  Hex/Ice        16%        N/A       13%         2
 Dazzling Flash           Conj/Hex       16%        N/A       26%         3


Dungeon Overview and Level Annotations

Branches:
Dungeon (1/15)

Altars:


Innate Abilities, Weirdness & Mutations

You are very small and have problems with some larger weapons.
You are too small for most types of armour.
You have supernaturally acute eyesight. (SInv)
You cover ground extremely quickly. (Speed+++)


Message History

You hit the kobold.
The kobold is moderately wounded.
The kobold closely misses you. The quokka barely misses you.
You hit the kobold.
The kobold is severely wounded.
The kobold hits you but does no damage. The quokka closely misses you.
You barely miss the kobold.
The kobold is severely wounded.
The kobold barely misses you. The quokka barely misses you.
You closely miss the kobold.
The kobold is severely wounded.
The quokka misses you. The kobold barely misses you.
You hit the kobold but do no damage.
The kobold is severely wounded.
The quokka barely misses you. The kobold barely misses you.
You hit the kobold.
You kill the kobold!
The quokka misses you.
You hit the quokka but do no damage.
A quokka comes into view.
The quokka closely misses you.
You closely miss the quokka. The quokka closely misses you.
You miss the quokka. The quokka misses you. x2
You closely miss the quokka. The quokka misses you.
You hit the quokka.
The quokka is lightly wounded.
The quokka bites you.
You closely miss the quokka.
The quokka is lightly wounded.
The quokka barely misses you.
You hit the quokka but do no damage.
The quokka is lightly wounded.
The quokka closely misses you. The quokka bites you.
You barely miss the quokka.
The quokka is lightly wounded.
The quokka closely misses you. x3
You hit the quokka but do no damage.
The quokka is lightly wounded.
The quokka bites you. x2
You die...

#.## ...g. #####..#
######..†...#
#...##..#..###. #########
#...##......... ........#
#†..##..###..##
'######.###...###.# ...
#....#..........@r## ...
###..#...##...###r.##.....
#....###.##...# ##.....#
#....# ...#...# #....#.#
_###.#.#..##### #.#..#
#....#..... ..#...# #....#
##....S.. ..#..... ###..#
..........# ....# #....#
..........# ....#


You could see 2 quokkas.

Vanquished Creatures
  A ball python (D:1)
  2 hobgoblins (D:1)
  2 kobolds (D:1)
  A bat (D:1)
  2 frilled lizards (D:1)
  A rat (D:1)
9 creatures vanquished.

Notes
Turn   | Place    | Note
-------+----------+-------------------------------------------
     0 | D:1      | kcordell the Spriggan Enchanter began the quest for the
                  | Orb.
     0 | D:1      | Reached XP level 1. HP: 9/9 MP: 5/5
    99 | D:1      | Found a faded altar of an unknown god.
   187 | D:1      | Reached XP level 2. HP: 13/13 MP: 6/6
   203 | D:1      | Slain by a quokka

Illustrated notes

Levels and vault maps discovered:
D:1:      psy_arrival_radial01, layout_basic,
          shapermc_ecumenical_altar_notcrosses,
          nicolae_concentric_dashed_squares_mild, minmay_bisected

Skill      XL: |  1 |
---------------+----+-----
Hexes          | 4 |  4.0
Short Blades   | |  1.1
Dodging        | |  2.7
Stealth        | |  4.9
Spellcasting   | |  2.7

Action                     || total
---------------------------++-------
  Melee: Dagger            ||    39
   Stab: Sleeping          ||     2
 Armour: Robe              ||    11
  Dodge: Dodged            ||    40
